AoeStats
← Besná Lama

Arabia

507738984Analyzed
1v1 RM · 14d ago on Sep 19, 2026· 49m 21s· 2 players
Game mode
Random Map
Map size
Tiny (2 player)
Population
200
Speed
Normal
Resources
Standard
Victory
Conquest
Starting age
Dark Age
Ending age
Imperial Age
RankedLock teamsTeams togetherTeam positionsShared explorationLock speedFull tech treeHidden civsTurbo modeCheats
Victory
Defeat
🇧🇪 Portuguese · Belgium
908
+15
🇸🇰 Inca · Slovakia
884
-15
Besná Lama
10:19 Feudal Age
12:05 Horse Collar
13:22 Loom
14:59 Wheelbarrow
16:10 Forging
16:01 Scale Mail Armor
15:59 Fletching
17:10 Double-Bit Axe
17:16 Gold Mining
24:56 Castle Age
24:32 Stone Mining
26:17 Iron Casting
26:08 Heavy Plow
26:47 Pikeman
33:32 Bodkin Arrow
39:40 Scale Mail Armor
44:00 Bow Saw
44:27 Gold Shaft Mining
49:20 Imperial Age
48:14 Hand Cart
50:43 Imperial Age
49:20 Chain Mail Armor
48:43 Champi Runner
49:24 Squires
49:10 Arson
La-Cassolette
6:39 Loom
9:39 Feudal Age
11:58 Double-Bit Axe
17:38 Forging
22:49 Castle Age
21:24 Scale Barding Armor
22:17 Gold Mining
22:50 Bloodlines
25:53 Horse Collar
27:42 Wheelbarrow
27:51 Town Watch
35:44 Stone Mining
37:04 Murder Holes
39:04 Iron Casting
42:05 Imperial Age
41:40 Heavy Plow
41:54 Bow Saw
43:10 Conscription
43:18 Conscription
43:29 Ballistics
43:25 Husbandry
43:58 Masonry
44:59 Chemistry
45:34 Hand Cart
46:28 Arquebus
46:39 Cavalier
48:22 Fletching
49:04 Light Cavalry
Connection lost

Rejoining the realm…

Still unreachable

The connection could not be restored.

Session expired

The server has moved on; the page needs a fresh start.